[ AOE2 MATCH · #507892646 ]
UnrankedMongols vs Mongols
Player's team · LOSS
Rival team · WIN
[ REPLAY ANALYSIS · EXTRACTED FROM THE RECORDED GAME ]
Feudal
8:31
Castle
—
Imperial
—
| APM avg | 41.3 |
| APM peak | 52 |
| eAPM avg | 19.9 |
| Villagers / military | 37 / 17 |
Focus
⚔️ 47.5% · 🌾 52.5%
Archer ×14 · Militia ×3
Feudal
9:18
Castle
19:44
Imperial
—
| APM avg | 60.5 |
| APM peak | 94 |
| eAPM avg | 24.5 |
| Villagers / military | 48 / 17 |
Focus
⚔️ 26.5% · 🌾 73.5%
Archer ×14 · Militia ×3
Match map
Initial resources + every placement click. Lines = walls · curves = elevation contours. ◆ gold · ⬟ stone · ● berries · ✦ relic · ◌ wall gap
Your base· Open — unwalled flank
HT229's base· Open — unwalled flank
Smoothed initial terrain · ◌ = detected wall gap · hover for details
Inputs per minute
— SSx_SnowwW - - HT229
Build order — SSx_SnowwW
110 actions detected in the replay
| 0:01 | Queue | Villager (Male) |
| 0:02 | Build | House |
| 0:03 | Build | House |
| 0:17 | Queue | Villager (Male) ×3 |
| 1:23 | Queue | Villager (Male) |
| 1:50 | Build | Lumber Camp |
| 2:02 | Queue | Villager (Male) |
| 2:21 | Queue | Villager (Male) |
| 2:46 | Queue | Villager (Male) |
| 3:10 | Queue | Villager (Male) |
| 3:19 | Build | Palisade Wall |
| 3:29 | Build | House |
| 3:40 | Queue | Villager (Male) |
| 3:56 | Queue | Villager (Male) |
| 4:27 | Queue | Villager (Male) |
| 4:39 | Build | Palisade Wall |
| 4:52 | Queue | Villager (Male) |
| 5:03 | Build | Barracks |
| 5:10 | Build | Barracks |
| 5:19 | Queue | Villager (Male) |
| 5:22 | Build | Palisade Wall |
| 5:24 | Build | Palisade Wall |
| 5:56 | Research | Loom |
| 6:07 | Build | House |
| 6:10 | Research | Feudal Age |
| 6:14 | Queue | Militia |
| 6:39 | Queue | Militia |
| 6:53 | Build | Mining Camp |
| 7:20 | Queue | Militia |
| 8:31 | Age | Feudal Age |
| 8:33 | Research | Man-at-Arms (upgrade) |
| 8:34 | Queue | Villager (Male) |
| 8:42 | Build | Archery Range |
| 8:48 | Queue | Villager (Male) |
| 9:05 | Build | House |
| 9:24 | Build | Blacksmith |
| 9:25 | Queue | Villager (Male) |
| 9:35 | Queue | Villager (Male) |
| 9:39 | Build | Gate |
| 9:43 | Build | House |
| 9:50 | Queue | Archer |
| 10:22 | Queue | Villager (Male) |
| 10:39 | Queue | Villager (Male) |
| 10:57 | Build | Mill |
| 11:05 | Build | House |
| 11:10 | Build | Palisade Gate |
| 11:14 | Build | Palisade Wall |
| 11:16 | Build | Palisade Wall |
| 11:26 | Build | Palisade Wall |
| 11:27 | Build | Palisade Wall |
| 11:50 | Queue | Villager (Male) |
| 12:24 | Queue | Archer |
| 12:26 | Build | Farm |
| 12:33 | Queue | Villager (Male) |
| 12:43 | Queue | Villager (Male) |
| 12:56 | Build | Farm |
| 13:15 | Build | House |
| 13:19 | Build | Palisade Wall |
| 13:21 | Queue | Villager (Male) |
| 13:37 | Queue | Villager (Male) |
| 13:42 | Build | Palisade Wall |
| 13:45 | Build | Palisade Wall |
| 13:59 | Queue | Archer |
| 14:04 | Queue | Villager (Male) |
| 14:07 | Build | Palisade Wall |
| 14:07 | Build | Palisade Wall |
| 14:24 | Build | Palisade Wall |
| 14:26 | Build | Palisade Wall |
| 14:38 | Queue | Archer |
| 14:39 | Queue | Archer |
| 14:58 | Build | Palisade Wall |
| 15:02 | Build | House |
| 15:06 | Build | Gate |
| 15:08 | Build | House |
| 15:14 | Queue | Archer |
| 15:19 | Build | Palisade Wall |
| 15:20 | Build | Palisade Wall |
| 15:32 | Queue | Villager (Male) |
| 15:34 | Research | Double-Bit Axe |
| 15:37 | Queue | Villager (Male) |
| 15:48 | Queue | Archer |
| 15:48 | Queue | Archer |
| 16:12 | Queue | Villager (Male) |
| 16:17 | Build | Farm |
| 16:19 | Build | Farm |
| 16:37 | Build | Lumber Camp |
| 16:39 | Queue | Villager (Male) |
| 16:50 | Queue | Villager (Male) |
| 17:00 | Build | Palisade Wall |
| 17:11 | Research | Fletching |
| 17:22 | Queue | Villager (Male) |
| 17:29 | Build | House |
| 17:31 | Build | House |
| 17:41 | Queue | Archer |
| 17:42 | Queue | Villager (Male) |
| 17:50 | Queue | Villager (Male) |
| 18:01 | Queue | Archer |
| 18:01 | Queue | Archer |
| 18:15 | Build | Farm |
| 18:16 | Queue | Villager (Male) |
| 18:21 | Queue | Archer |
| 18:26 | Build | House |
| 18:47 | Build | Farm |
| 18:49 | Build | Farm |
| 19:05 | Queue | Villager (Male) |
| 19:16 | Queue | Archer |
| 19:17 | Queue | Archer |
| 19:30 | Queue | Villager (Male) |
| 19:37 | Build | Farm |
| 19:39 | Build | Farm |
Build order — HT229
123 actions detected in the replay
| 0:00 | Queue | Villager (Male) |
| 0:01 | Queue | Villager (Male) |
| 0:01 | Queue | Villager (Male) |
| 0:02 | Build | House |
| 0:03 | Build | House |
| 0:05 | Queue | Villager (Male) |
| 1:24 | Queue | Villager (Male) |
| 1:24 | Queue | Villager (Male) |
| 1:50 | Build | Lumber Camp |
| 2:00 | Queue | Villager (Male) |
| 2:18 | Queue | Villager (Male) |
| 2:18 | Queue | Villager (Male) |
| 2:18 | Queue | Villager (Male) |
| 2:18 | Queue | Villager (Male) |
| 2:48 | Queue | Villager (Male) |
| 2:48 | Queue | Villager (Male) |
| 2:49 | Queue | Villager (Male) |
| 3:14 | Queue | Villager (Male) |
| 3:14 | Queue | Villager (Male) |
| 3:14 | Queue | Villager (Male) |
| 3:37 | Queue | Villager (Male) |
| 3:37 | Queue | Villager (Male) |
| 3:37 | Queue | Villager (Male) |
| 3:37 | Queue | Villager (Male) |
| 4:05 | Queue | Villager (Male) |
| 4:15 | Build | House |
| 4:49 | Queue | Villager (Male) |
| 4:49 | Queue | Villager (Male) |
| 4:49 | Queue | Villager (Male) |
| 4:49 | Queue | Villager (Male) |
| 5:23 | Queue | Villager (Male) |
| 5:23 | Queue | Villager (Male) |
| 5:37 | Build | Barracks |
| 5:56 | Build | House |
| 6:29 | Queue | Militia |
| 6:30 | Queue | Militia |
| 7:03 | Research | Feudal Age |
| 7:03 | Research | Feudal Age |
| 7:04 | Research | Feudal Age |
| 7:19 | Queue | Militia |
| 7:32 | Build | Mining Camp |
| 7:58 | Build | House |
| 8:13 | Build | Palisade Wall |
| 8:23 | Build | House |
| 8:33 | Queue | Villager (Male) |
| 9:02 | Build | House |
| 9:04 | Build | House |
| 9:05 | Queue | Villager (Male) |
| 9:18 | Age | Feudal Age |
| 9:19 | Build | House |
| 9:22 | Build | Archery Range |
| 10:04 | Queue | Archer |
| 10:04 | Queue | Archer |
| 10:07 | Queue | Villager (Male) |
| 10:07 | Queue | Villager (Male) |
| 10:08 | Queue | Villager (Male) |
| 10:13 | Build | House |
| 10:29 | Build | Blacksmith |
| 10:30 | Queue | Villager (Male) |
| 10:32 | Queue | Archer |
| 10:43 | Queue | Villager (Male) |
| 10:47 | Build | Mill |
| 11:13 | Queue | Archer |
| 11:27 | Build | Farm |
| 11:28 | Build | Farm |
| 11:30 | Build | Farm |
| 12:00 | Build | Farm |
| 12:05 | Queue | Villager (Male) |
| 12:35 | Build | Farm |
| 12:36 | Build | Farm |
| 12:36 | Queue | Villager (Male) |
| 12:38 | Queue | Archer |
| 12:38 | Queue | Archer |
| 12:53 | Queue | Villager (Male) |
| 13:05 | Build | Farm |
| 13:06 | Build | Farm |
| 13:07 | Build | Farm |
| 13:08 | Build | Farm |
| 13:19 | Research | Double-Bit Axe |
| 13:19 | Research | Double-Bit Axe |
| 13:31 | Build | Farm |
| 13:32 | Queue | Villager (Male) |
| 13:32 | Queue | Villager (Male) |
| 13:33 | Queue | Villager (Male) |
| 13:43 | Queue | Archer |
| 13:52 | Queue | Villager (Male) |
| 14:12 | Queue | Villager (Male) |
| 14:25 | Build | Farm |
| 14:28 | Research | Horse Collar |
| 14:28 | Research | Horse Collar |
| 14:28 | Research | Horse Collar |
| 14:30 | Queue | Archer |
| 14:30 | Queue | Archer |
| 14:30 | Queue | Archer |
| 15:02 | Queue | Villager (Male) |
| 15:06 | Queue | Villager (Male) |
| 15:08 | Queue | Archer |
| 15:17 | Research | Fletching |
| 15:17 | Research | Fletching |
| 15:18 | Research | Fletching |
| 15:32 | Build | Market |
| 15:42 | Queue | Villager (Male) |
| 15:45 | Queue | Archer |
| 15:59 | Queue | Villager (Male) |
| 16:27 | Build | Farm |
| 17:04 | Research | Castle Age |
| 17:04 | Research | Castle Age |
| 17:04 | Research | Castle Age |
| 17:04 | Research | Castle Age |
| 17:09 | Research | Loom |
| 17:10 | Research | Loom |
| 17:16 | Queue | Archer |
| 17:16 | Queue | Archer |
| 17:33 | Build | Lumber Camp |
| 18:35 | Build | House |
| 19:23 | Queue | Villager (Male) |
| 19:44 | Age | Castle Age |
| 19:47 | Build | Town Center |
| 19:50 | Research | Bow Saw |
| 19:50 | Research | Bow Saw |
| 19:50 | Research | Heavy Plow |
| 19:51 | Research | Heavy Plow |
| 19:51 | Research | Heavy Plow |
Match timeline
| 3:19 | SSx_SnowwW · wall_segment Palisade Wall x1 |
| 4:39 | SSx_SnowwW · wall_segment Palisade Wall x1 |
| 5:03 | SSx_SnowwW · first_building Barracks |
| 5:22 | SSx_SnowwW · wall_segment Palisade Wall x1 |
| 5:24 | SSx_SnowwW · wall_segment Palisade Wall x1 |
| 5:37 | HT229 · first_building Barracks |
| 8:13 | HT229 · wall_segment Palisade Wall x7 |
| 8:31 | SSx_SnowwW · age_up feudal |
| 8:42 | SSx_SnowwW · first_building Archery Range |
| 9:18 | HT229 · age_up feudal |
| 9:22 | HT229 · first_building Archery Range |
| 11:14 | SSx_SnowwW · wall_segment Palisade Wall x1 |
| 11:16 | SSx_SnowwW · wall_segment Palisade Wall x1 |
| 11:26 | SSx_SnowwW · wall_segment Palisade Wall x1 |
| 11:27 | SSx_SnowwW · wall_segment Palisade Wall x1 |
| 13:19 | SSx_SnowwW · wall_segment Palisade Wall x6 |
| 13:42 | SSx_SnowwW · wall_segment Palisade Wall x6 |
| 13:45 | SSx_SnowwW · wall_segment Palisade Wall x4 |
| 14:07 | SSx_SnowwW · wall_segment Palisade Wall x1 |
| 14:07 | SSx_SnowwW · wall_segment Palisade Wall x1 |
| 14:24 | SSx_SnowwW · wall_segment Palisade Wall x11 |
| 14:26 | SSx_SnowwW · wall_segment Palisade Wall x3 |
| 14:58 | SSx_SnowwW · wall_segment Palisade Wall x3 |
| 15:19 | SSx_SnowwW · wall_segment Palisade Wall x1 |
| 15:20 | SSx_SnowwW · wall_segment Palisade Wall x1 |
| 16:41 | HT229 · first_market_sell 500 wood |
| 16:44 | HT229 · first_market_buy 100 food |
| 17:00 | SSx_SnowwW · wall_segment Palisade Wall x10 |
| 19:44 | HT229 · age_up castle |
| 19:51 | SSx_SnowwW · resign |
[ AI ANALYSIS · 1 CREDIT ]
What really happened in this match?
Wolo.gg analyzes every decision: build order, eco, micro, common mistakes by bracket. Personalized analysis on WhatsApp or Discord in 30 seconds.
Civ guide
Mongols
Perfil
SSx_SnowwW